 Dungeon Crawl Stone Soup version 0.30-a0-953-g5f1da4a474 (webtiles) character file.

Game seed: 10367522837116029633

507 qeuew the Ducker (level 7, -6/56 HPs)
             Began as a Gnoll Gladiator on Mar 28, 2023.
             Mangled by an orc warrior
             ... wielding a +0 battleaxe
              (18 damage)
             ... on level 5 of the Dungeon.
             The game lasted 00:04:43 (2847 turns).

qeuew the Ducker (Gnoll Gladiator)                  Turns: 2847, Time: 00:04:44

Health: -6/56      AC:  6    Str: 14    XL:     7   Next: 18%
Magic:  10/10      EV: 14    Int: 11    God:
Gold:   222        SH:  0    Dex: 13    Spells: 10/10 levels left

rFire   . . .      SeeInvis .    a - +0 trident
rCold   + . .      Faith    .    (no shield)
rNeg    . . .      Spirit   .    b - +0 leather armour
rPois   .          Reflect  .    c - +0 helmet
rElec   .          Rampage  .    (no cloak)
rCorr   .          Rage     3%   (no gloves)
Will    .....                    (no boots)
Stlth   ++                       m - amulet of regeneration
HPRegen 1.09/turn                l - ring of protection from cold
MPRegen 0.12/turn                (no ring)

@: studying Stealth
A: fangs 1, strong nose, distributed training, iridescent scales 1, berserk 1,
clever 1, noise suppression
a: no special abilities


You were on level 5 of the Dungeon.
You visited 1 branch of the dungeon, and saw 5 of its levels.

You collected 222 gold pieces.

Inventory:

Hand Weapons
 a - a +0 trident (weapon)
Missiles
 d - 2 throwing nets (quivered)
 e - 5 javelins
 k - 2 silver javelins
Armour
 b - a +0 leather armour (worn)
 c - a +0 helmet (worn)
Jewellery
 l - a ring of protection from cold (left hand)
 m - an amulet of regeneration (around neck)
Wands
 j - a wand of mindburst (19)
 r - a wand of paralysis (14)
 t - a wand of iceblast (8)
Scrolls
 g - 2 scrolls of teleportation
Potions
 f - a potion of heal wounds
 h - a potion of berserk rage
 i - 2 potions of haste
 n - 2 potions of curing
 o - a potion of cancellation
 q - a potion of flight


   Skills:
 + Level 5.2 Fighting
 + Level 2.4 Short Blades
 + Level 2.4 Long Blades
 + Level 2.4 Axes
 + Level 2.4 Maces & Flails
 + Level 7.0 Polearms
 + Level 2.4 Staves
 + Level 2.4 Ranged Weapons
 + Level 5.2 Throwing
 + Level 2.4 Armour
 + Level 7.0 Dodging
 + Level 2.8 Stealth
 + Level 2.4 Shields
 + Level 2.4 Unarmed Combat
 + Level 2.4 Spellcasting
 + Level 2.0 Conjurations
 + Level 2.0 Hexes
 + Level 2.0 Summonings
 + Level 2.0 Necromancy
 + Level 2.0 Translocations
 + Level 2.0 Transmutations
 + Level 2.0 Fire Magic
 + Level 2.0 Ice Magic
 + Level 2.0 Air Magic
 + Level 2.0 Earth Magic
 + Level 2.0 Poison Magic
 + Level 2.7 Invocations
 + Level 2.4 Evocations


You had 10 spell levels left.
You didn't know any spells.
Your spell library contained the following spells:

 Spells                   Type           Power      Damage    Failure   Level
 Ensorcelled Hibernation  Hex/Ice        10%        N/A       22%         2
 Passwall                 Tmut/Erth      4%         N/A       22%         2
 Swiftness                Air            5%         N/A       41%         3
 Yara's Violent Unravell  Hex/Tmut       2%         3d3       99%         5
 Enfeeble                 Hex            2%         N/A       100%        7


Dungeon Overview and Level Annotations

Branches:
Dungeon (5/15)
 Temple: D:4-7

Altars:

Annotations:
D:5 4 runed translucent doors


Innate Abilities, Weirdness & Mutations

You have very sharp teeth.
Your uncanny sense of smell can sniff out nearby items.
Your experience applies equally to all skills.
You are partially covered in iridescent scales. (AC +2)
You sometimes lose your temper in combat.
Your mind is acute. (Int +4, Str/Dex -1)
You passively dampen the noise of your surroundings.


Message History

The orc warrior wields a +0 arbalest.
The orc warrior shoots a bolt.
The bolt hits you!
The orc warrior unwields a +0 arbalest.
The orc warrior wields a +0 battleaxe.
The orc warrior barely misses you.
Things that are here:
a +0 flail; a gnoll corpse You barely miss the orc warrior.
You bite the orc warrior, but do no damage.
The orc warrior hits you with a +0 battleaxe!
You hit the orc warrior. Your bite misses the orc warrior.
The orc warrior is lightly wounded.
The orc warrior closely misses you.
You closely miss the orc warrior.
The orc warrior is lightly wounded.
The orc warrior misses you.
You closely miss the orc warrior.
The orc warrior is lightly wounded.
The orc warrior closely misses you.
You hit the orc warrior. Your bite misses the orc warrior.
The orc warrior is lightly wounded.
The orc warrior completely misses you.
You hit the orc warrior.
The orc warrior is moderately wounded.
You hit the orc warrior but do no damage.
The orc warrior is moderately wounded.
The orc warrior closely misses you.
You hit the orc warrior.
The orc warrior is moderately wounded.
The orc warrior barely misses you.
You barely miss the orc warrior.
The orc warrior is moderately wounded.
The orc warrior hits you with a +0 battleaxe.
You hit the orc warrior but do no damage.
The orc warrior is moderately wounded.
The orc warrior hits you with a +0 battleaxe!
* * * LOW HITPOINT WARNING * * *
You barely miss the orc warrior.
The orc warrior is moderately wounded.
The orc warrior hits you with a +0 battleaxe!!
You die...

#####
###############...##
##..................#
#..######..######...#
#.## #### ∆ .##..#
#.# ∆ #.#..# #.# ∆
#o#..# ..# ###@#..#
..# ∆ ∆##.#)#..# ..##
#.#.##..# ...###+#
#'###...#
.#.....######.....#.#
###...##8)?8##.#.#..#
......#8....8#.....##
......+.V...h+..####
......+......+..#


You could see an orc warrior.

Vanquished Creatures
  An orc warrior (D:5)
  2 jellies
  A hound (D:4)
  Ijyb (D:4)
  Terence (D:2)
  An iguana (D:4)
  An orc wizard (D:3)
  A gnoll (D:5)
  10 adders
  2 ufetubi
  3 worms
  3 dart slugs
  10 orcs
  8 ball pythons
  9 endoplasms
  2 giant cockroaches (D:1)
  2 goblins
  9 hobgoblins
  5 jackals
  5 quokkas
  2 bats
  3 frilled lizards
  9 kobolds
  6 rats
97 creatures vanquished.

Vanquished Creatures (others)
  A plant (D:3)
1 creature vanquished.

Grand Total: 98 creatures vanquished

Notes
Turn   | Place    | Note
-------+----------+-------------------------------------------
     0 | D:1      | qeuew the Gnoll Gladiator began the quest for the Orb.
     0 | D:1      | Reached XP level 1. HP: 20/20 MP: 1/1
    90 | D:1      | Reached XP level 2. HP: 13/26 MP: 2/2
   380 | D:1      | Reached XP level 3. HP: 31/31 MP: 3/3
   827 | D:2      | Reached skill level 1 in Invocations
   842 | D:2      | Reached skill level 1 in Short Blades
   842 | D:2      | Reached skill level 1 in Long Blades
   842 | D:2      | Reached skill level 1 in Axes
   842 | D:2      | Reached skill level 1 in Maces & Flails
   842 | D:2      | Reached skill level 1 in Staves
   842 | D:2      | Reached skill level 1 in Ranged Weapons
   842 | D:2      | Reached skill level 1 in Armour
   842 | D:2      | Reached skill level 1 in Stealth
   842 | D:2      | Reached skill level 1 in Shields
   842 | D:2      | Reached skill level 1 in Unarmed Combat
   842 | D:2      | Reached skill level 1 in Spellcasting
   842 | D:2      | Reached skill level 1 in Evocations
   907 | D:2      | Reached XP level 4. HP: 34/38 MP: 5/5
  1025 | D:2      | Reached skill level 1 in Conjurations
  1025 | D:2      | Reached skill level 1 in Hexes
  1025 | D:2      | Reached skill level 1 in Summonings
  1025 | D:2      | Reached skill level 1 in Necromancy
  1025 | D:2      | Reached skill level 1 in Translocations
  1025 | D:2      | Reached skill level 1 in Transmutations
  1025 | D:2      | Reached skill level 1 in Fire Magic
  1025 | D:2      | Reached skill level 1 in Ice Magic
  1025 | D:2      | Reached skill level 1 in Air Magic
  1025 | D:2      | Reached skill level 1 in Earth Magic
  1025 | D:2      | Reached skill level 1 in Poison Magic
  1076 | D:2      | Noticed Terence
  1092 | D:2      | Killed Terence
  1269 | D:2      | Gained mutation: You are partially covered in iridescent
                  | scales. (AC +2) [potion of mutation]
  1269 | D:2      | Gained mutation: You sometimes lose your temper in combat.
                  | [potion of mutation]
  1269 | D:2      | Gained mutation: You passively dampen the noise of your
                  | surroundings. [potion of mutation]
  1269 | D:2      | Gained mutation: Your mind is acute. (Int +4, Str/Dex -1)
                  | [potion of mutation]
  1297 | D:3      | Reached XP level 5. HP: 43/43 MP: 5/7
  1804 | D:3      | Found a faded altar of an unknown god.
  2105 | D:4      | Reached XP level 6. HP: 38/50 MP: 8/8
  2147 | D:4      | Identified the ring "Xaihain" {rC++ Str-3 Int+5 Dex+6}
  2263 | D:4      | Reached skill level 5 in Fighting
  2263 | D:4      | Reached skill level 5 in Throwing
  2454 | D:4      | Noticed Ijyb
  2464 | D:4      | Killed Ijyb
  2694 | D:5      | Entered Level 5 of the Dungeon
  2696 | D:5      | Found a large runed translucent door.
  2696 | D:5      | Found a large runed translucent door.
  2705 | D:5      | Noticed a vampire
  2781 | D:5      | Found a large runed translucent door.
  2783 | D:5      | Found a large runed translucent door.
  2802 | D:5      | Noticed an orc warrior
  2826 | D:5      | Noticed an orc warrior
  2831 | D:5      | Killed an orc warrior
  2832 | D:5      | Reached XP level 7. HP: 36/56 MP: 10/10
  2847 | D:5      | Mangled by an orc warrior

Illustrated notes

Levels and vault maps discovered:
D:1:      minmay_arrival_open_corners, layout_basic, dreamdust_princess_bridge,
          minmay_close_crescents
D:2:      layout_rooms, uniq_terence
D:3:      layout_rooms, serial_forest, infiniplex_forest_lined_corner,
          infiniplex_forest_clump_curved, infiniplex_forest_pool,
          infiniplex_forest_straight_4, infiniplex_forest_clump_double,
          infiniplex_forest_lined_ring, nicolae_ecumenical_lake_church,
          minmay_misc_feat_doors
D:4:      layout_loops_ring, uniq_ijyb
D:5:      layout_gridville, overflow_temple_1_default, hangedman_decor_lopped,
          minmay_hollow_rounded_squares

Skill      XL: |  1  2  3  4  5  6 |
---------------+-------------------+-----
Invocations    | 1 2 |  2.7
Short Blades   | 1 2 |  2.4
Long Blades    | 1 2 |  2.4
Axes           | 1 2 |  2.4
Maces & Flails | 1 2 |  2.4
Staves         | 1 2 |  2.4
Ranged Weapons | 1 2 |  2.4
Armour         | 1 2 |  2.4
Stealth        | 1 2 |  2.8
Shields        | 1 2 |  2.4
Unarmed Combat | 1 2 |  2.4
Spellcasting   | 1 2 |  2.4
Evocations     | 1 2 |  2.4
Conjurations   | 1 2 |  2.0
Hexes          | 1 2 |  2.0
Summonings     | 1 2 |  2.0
Necromancy     | 1 2 |  2.0
Translocations | 1 2 |  2.0
Transmutations | 1 2 |  2.0
Fire Magic     | 1 2 |  2.0
Ice Magic      | 1 2 |  2.0
Air Magic      | 1 2 |  2.0
Earth Magic    | 1 2 |  2.0
Poison Magic   | 1 2 |  2.0
Fighting       | 5 |  5.2
Throwing       | 5 |  5.2
Polearms       | 7 |  7.0
Dodging        | 7 |  7.0

Action                     |  1- 3 |  4- 6 |  7- 9 || total
---------------------------+-------+-------+-------++-------
  Melee: Trident           |   101 |   229 |    14 ||   344
         Bite              |    10 |    17 |     2 ||    29
         Punch             |     1 |     6 |       ||     7
  Throw: Throwing net      |       |     1 |       ||     1
    Use: Scroll            |     2 |    11 |       ||    13
         Potion            |     2 |     3 |       ||     5
   Stab: Sleeping          |     1 |     8 |       ||     9
 Armour: Leather armour    |    15 |    49 |       ||    64
  Dodge: Dodged            |    37 |   124 |     8 ||   169

Table legend: (Time is in decaauts)
 A = Elapsed time spent in this place.
 B = Non-inter-level travel time spent in this place.
 C = Inter-level travel time spent in this place.
 D = Time resting spent in this place.
 E = Time spent auto-exploring this place.
 F = Levels seen in this place.
 G = Mean time per level.
                   A        B        C        D        E       F      G
               +--------+--------+--------+--------+--------+-----+--------+
         Total |   2888 |   2790 |     98 |      0 |   2078 |   5 |  577.6 |
       Dungeon |   2888 |   2790 |     98 |      0 |   2078 |   5 |  577.6 |
               +--------+--------+--------+--------+--------+-----+--------+

Top non-repeatable levels by time:
     D:3: 784 daAuts
     D:1: 751 daAuts
     D:4: 633 daAuts
     D:2: 557 daAuts
     D:5: 161 daAuts
